 Dungeon Crawl Stone Soup version 0.28.0-43-g3370ac3207 (webtiles) character file.

Game seed: 1717227296173788372

56 boopmooplesden the Chopper (level 3, -2/34 HPs)
             Began as a Minotaur Berserker on Mar 13, 2022.
             Was a Believer of Trog.
             Slain by a worm (4 damage)
             ... on level 2 of the Dungeon.
             The game lasted 00:01:39 (1334 turns).

boopmooplesden the Chopper (Minotaur Berserker)     Turns: 1334, Time: 00:01:40

Health: -2/34      AC:  9    Str: 21    XL:     3   Next: 71%
Magic:  2/2        EV:  8    Int:  4    God:    Trog [**....]
Gold:   49         SH:  0    Dex: 11    Spells: 2/2 levels left

rFire   + . .      SeeInvis .   a - +0 hand axe
rCold   + . .      Faith    .   (no shield)
rNeg    . . .      Spirit   .   e - +0 chain mail
rPois   +          Reflect  .   (helmet restricted)
rElec   +          Harm     .   (no cloak)
rCorr   +          Rampage  .   (no gloves)
Will    .....                   (no boots)
Stlth   ..........              (no amulet)
HPRegen 0.11/turn               (no ring)
MPRegen 0.08/turn               (no ring)

@: resistant, on berserk cooldown, slowed, very slow
A: horns 2, retaliatory headbutt
a: Renounce Religion, Berserk, Trog's Hand


You were on level 2 of the Dungeon.
You worshipped Trog.
Trog was pleased with you.
You visited 1 branch of the dungeon, and saw 2 of its levels.

You collected 49 gold pieces.

Inventory:

Hand Weapons
 a - a +0 hand axe (weapon)
Missiles
 g - 6 boomerangs (quivered)
Armour
 b - a +0 animal skin
 c - a +0 ring mail
 e - a +0 chain mail (worn)
Jewellery
 d - a ring of fire
Scrolls
 f - 2 scrolls of teleportation {unknown}


   Skills:
 + Level 4.3 Fighting
 + Level 4.5 Axes
 + Level 0.4 Throwing
 + Level 3.0 Armour
 + Level 2.3 Dodging
 + Level 0.3 Stealth


You had 2 spell levels left.
You didn't know any spells.
Your spell library was empty.

Dungeon Overview and Level Annotations

Branches:
Dungeon (2/15)

Altars:


Innate Abilities, Weirdness & Mutations

You have a pair of horns on your head.
You reflexively headbutt those who attack you in melee.


Message History

The worm bites you.
The goblin barely misses you. x2; You furiously retaliate!
You headbutt the goblin!
You kill the goblin!
Trog accepts your kill. The goblin hits you but does no damage.
Things that are here:
a +0 club; a goblin corpse Robin throws the goblin at you!
The goblin hits you with a +0 club. The goblin hits you but does no damage.
The goblin hits you with a +0 club.
You see here a hobgoblin corpse.
You hit the goblin but do no damage. You barely miss the worm.
You hit the goblin. The goblin closely misses you. You furiously retaliate!
You headbutt the goblin!
You kill the goblin!
Trog accepts your kill. The goblin barely misses you.
The worm barely misses you.
The goblin hits you but does no damage. x2
You see here a +0 dagger.
You hit the worm but do no damage. You hit the goblin.
You kill the goblin!
Trog accepts your kill. The worm bites you!
* * * LOW HITPOINT WARNING * * *
You hit Robin. You headbutt Robin!
Robin is almost dead.
Robin hits you but does no damage. Robin hits you with a +0 dagger.
* * * LOW HITPOINT WARNING * * *
It was a potion of resistance.
You feel protected. Robin hits you but does no damage.
You barely miss Robin. You headbutt Robin.
You kill Robin!
Trog accepts your kill.
Your Armour skill increases to level 3!
You hit the worm.
The worm is moderately wounded.
You barely miss the worm.
The worm is moderately wounded.
The worm bites you.
You die...

....#..##
#.<.[...( .......#
..####.##
.<.......
######### #
######.# #......#
#@#
################w#
.............)))†#
.>.#......######)#
...#......#
#...)......
...#......#
#....†)....
...#......#
#..........
...########
#.....♣.... ...#
###..♣♣....


You could see a worm.

Vanquished Creatures
  Robin (D:2)
  2 endoplasms
  A giant cockroach (D:1)
  9 goblins
  9 hobgoblins
  6 kobolds
  3 quokkas (D:1)
  A ball python (D:1)
  3 bats (D:1)
  6 rats (D:1)
41 creatures vanquished.

Notes
Turn   | Place    | Note
-------+----------+-------------------------------------------
     0 | D:1      | boopmooplesden the Minotaur Berserker began the quest for
                  | the Orb.
     0 | D:1      | Reached XP level 1. HP: 19/19 MP: 0/0
   487 | D:1      | Reached XP level 2. HP: 27/27 MP: 1/1
   822 | D:1      | Reached ** piety under Trog
  1274 | D:2      | Reached XP level 3. HP: 33/33 MP: 2/2
  1318 | D:2      | Noticed Robin
  1330 | D:2      | HP: 1/33 [Robin/+0 dagger (3)]
  1332 | D:2      | Killed Robin
  1334 | D:2      | Slain by a worm

Illustrated notes

Levels and vault maps discovered:
D:1:      kennysheep_arrival_forest, layout_loops_ring, minmay_unequal
D:2:      layout_basic, kennysheep_decorative_pillar, uniq_jessica, uniq_robin

Skill      XL: |  1  2  3 |
---------------+----------+-----
Fighting       | 4 |  4.3
Axes           | 4 |  4.5
Armour         | 3 |  3.0
Throwing       | |  0.4
Dodging        | |  2.3
Stealth        | |  0.3

Action                   || total
-------------------------++-------
Melee: Hand axe          ||    71
       Headbutt          ||    12
Throw: Boomerang         ||    12
Invok: Berserk           ||     1
  Use: Potion            ||     2
Armor: Ring mail         ||     4
       Animal skin       ||     2
       Chain mail        ||    27
Dodge: Dodged            ||    36
